 Dungeon Crawl Stone Soup version 0.20-a0-3-g334f831 (webtiles) character file.

20195 Odds the Zephyrmancer (level 12, -4/104 HPs)
             Began as a Pale Draconian Air Elementalist on Oct 30, 2016.
             Slain by a sea snake (10 damage)
             ... on level 2 of the Lair of Beasts.
             The game lasted 00:49:12 (19314 turns).

Odds the Zephyrmancer (DrAE)                       Turns: 19314, Time: 00:49:12

Health: -4/104     AC: 10    Str: 13    XL:     12   Next: 43%
Magic:  3/24       EV: 15    Int: 22    God:
Gold:   535        SH:  0    Dex: 11    Spells: 5 memorised, 14 levels left

rFire  . . .     SeeInvis .     V - +2 whip (flame)
rCold  . . .     Gourm    .     (armour unavailable)
rNeg   . . .     Faith    .     (no shield)
rPois  +         Spirit   .     D - +0 hat
rElec  .         Reflect  .     (no cloak)
rCorr  .         Harm     .     v - +1 pair of gloves
MR     .....                    (no boots)
Stlth  +.........               (no amulet)
                                E - +3 ring of intelligence
                                y - ring of poison resistance

@: very slightly contaminated
A: breathe steam, unfitting armour, cold-blooded, AC +8
a: Breathe Steam


You were on level 2 of the Lair of Beasts.
You were very hungry.

You visited 3 branches of the dungeon, and saw 13 of its levels.

You collected 787 gold pieces.
You spent 252 gold pieces at shops.

Inventory:

Hand Weapons
 m - a +0 blowgun
 w - a +2 long sword of slicing
 M - a +4 great sword of freezing
 V - a +2 whip of flaming (weapon)
Missiles
 n - 42 poisoned needles
 o - 4 curare-tipped needles
Armour
 v - a +1 pair of gloves (worn)
 D - a +0 hat (worn)
Magical Staves
 k - an uncursed staff of cold
 S - an uncursed staff of earth
Jewellery
 y - a ring of poison resistance (left hand)
 E - a +3 ring of intelligence (right hand)
 F - an uncursed amulet of the gourmand {unknown}
 G - an uncursed ring of ice
 I - an uncursed amulet of harm {unknown}
 L - an uncursed ring of stealth
 R - a +3 amulet of reflection {unknown}
Wands
 h - a wand of disintegration (14/24)
 l - a wand of flame (5/48)
 p - a wand of iceblast (6/15)
 s - a wand of polymorph (14/24)
 t - a wand of lightning (0/15)
 B - a wand of enslavement (10/24)
 C - a wand of flame (33/48)
 H - a wand of iceblast (8/15)
 N - a wand of slowing (19/48)
 Q - a wand of polymorph (11/24)
 T - a wand of flame (26/48)
 U - a wand of slowing (24/48)
Scrolls
 r - 2 scrolls of magic mapping
 x - 2 scrolls of enchant weapon
 A - a scroll of fear
 J - a scroll of recharging
 O - 3 scrolls of remove curse
 X - a scroll of enchant armour
 Y - 3 scrolls of teleportation
Potions
 c - a potion of ambrosia
 d - 2 potions of magic
 e - a potion of heal wounds {unknown}
 g - 2 potions of haste
 i - 2 potions of flight
 j - a potion of berserk rage {unknown}
 q - 3 potions of lignification
 u - a potion of cancellation {unknown}
 z - 3 potions of curing
 K - a potion of brilliance {unknown}
 W - a potion of degeneration {unknown}
Books
 a - a book of Air

   Spells                             Type                      Level
   a - Shock                          Conjuration/Air              1
   b - Swiftness                      Charms/Air                   2
   c - Repel Missiles                 Charms/Air                   2
   d - Static Discharge               Conjuration/Air              3
   e - Lightning Bolt                 Conjuration/Air              5
Comestibles
 b - 7 bread rations
 f - 3 meat rations
 P - 9 royal jellies


   Skills:
 + Level 9.1 Fighting
 + Level 4.0 Maces & Flails
 + Level 7.4 Dodging
 - Level 1.7 Stealth
 + Level 8.0 Spellcasting
 + Level 10.6 Conjurations
 + Level 11.5 Air Magic


You had 14 spell levels left.
You knew the following spells:

 Your Spells              Type           Power        Failure   Level  Hunger
a - Shock                 Conj/Air       ####         1%          1    None
b - Repel Missiles        Chrm/Air       ####..       1%          2    None
c - Static Discharge      Conj/Air       ######..     1%          3    None
d - Swiftness             Chrm/Air       ####....     1%          2    None
e - Lightning Bolt        Conj/Air       ######....   1%          5    #####..


Dungeon Overview and Level Annotations

Branches:
Dungeon (10/15)            Temple (1/1) D:5            Lair (2/6) D:8
 Shoals (0/4) Lair:2       Spider (0/4) Lair:2
    Orc: D:9-12

Altars:
Ashenzari
Cheibriados
Dithmenos
Elyvilon
Fedhas
Gozag
Hepliaklqana
Kikubaaqudgha
Makhleb
Nemelex Xobeh
Okawaru
Qazlal
Ru
Sif Muna
Trog
Uskayaw
Vehumet
Xom
Yredelemnul
Zin
The Shining One

Shops:
D:4 [   D:8 %

Annotations:
D:3 Sigmund
Lair:2 exclusion: door


Innate Abilities, Weirdness & Mutations

You can breathe blasts of scalding, opaque steam.
Your pale cyan-grey scales are hard. (AC +8)
You cannot fit into any form of body armour.
You are cold-blooded and may be slowed by cold attacks.


Message History

Zapping:
t - a wand of lightning {zapped: 7} (will waste charges)
Press: ? - help, Shift-Dir - straight line You hear a mighty clap of thunder!
The bolt of lightning misses the sea snake.
Evoking this partially-identified wand wasted a few charges.
The sea snake bites you!
* * * LOW HITPOINT WARNING * * *
Unknown command.
Unknown command.
Zapping:
t - a wand of lightning {zapped: 10} (will waste charges)
Press: ? - help, Shift-Dir - straight line Nothing appears to happen.
The sea snake bites you but does no damage.
Unknown command.
Unknown command.
Zapping:
p - a wand of iceblast {zapped: 2} (will waste charges)
Press: ? - help, Shift-Dir - straight line
Okay, then.
The sea snake bites you!
You die...

### ##...#≈≈;# #.# #... ##..#≈≈≈#
#.###... ##..#≈≈≈##### #..#..#.
#.#.#####≈≈≈+####.##P... ##÷.†.#
≈≈>≈≈≈#...###.#⌠
##..####'†≈≈#####.##....
#.#D#≈≈≈#####≈≈≈#.#####.
##..#≈≈S#≈≈≈#≈≈≈#.# ##
##.#≈≈@#≈≈≈#≈≈≈#.###
##.####≈≈≈≈≈###'...# ##
#.....#######.....## #. ###P..#
##.#...#### ##..# ##.....#..
#..## #........# ##..#
#####......###
###############..###.##.......###
#.....P##.#.#PP...##..........#.#


You could see a sea snake.

Vanquished Creatures
  2 hydras
  The ghost of Gorice the Jinx, a journeyman KoEn of Okawaru (Lair:1)
  Erolcha (D:9)
  The ghost of sveltemanboy the Carver, a novice DsGl of Okawaru (D:9)
  A hill giant (D:9)
  A sea snake (Lair:2)
  Pikel (D:9)
  A manticore (Lair:2)
  A cyclops (D:9)
  An elephant (D:8)
  A torpor snail (Lair:2)
  A spiny frog (Lair:2)
  2 komodo dragons
  A troll (D:7)
  A hornet (D:8)
  2 two-headed ogres
  3 hippogriffs
  5 blink frogs (Lair:2)
  4 redbacks (Lair:2)
  16 yaks
  4 wyverns
  Grum (D:9)
  A hungry ghost (D:9)
  Edmund (D:6)
  A soldier ant (D:8)
  6 water moccasins
  2 porcupines (Lair:1)
  2 orc warriors (D:8)
  A hornet zombie (D:9)
  3 slaves (D:9)
  3 sky beasts
  2 ogres
  4 phantoms
  Purgy (D:3)
  7 wolves
  2 centaurs (D:9)
  2 necrophages (D:8)
  5 crocodiles
  9 bullfrogs
  3 big kobolds
  Blork the orc (D:5)
  A gnoll sergeant (D:7)
  4 scorpions
  A wyvern skeleton (D:8)
  6 killer bees
  8 wights
  A howler monkey (D:6)
  3 crimson imps
  A centaur zombie (D:5)
  5 jellies
  4 hounds
  14 orc wizards
  2 quasits (D:7)
  4 orc priests
  3 centaur skeletons
  Jessica (D:2)
  7 iguanas
  Terence (D:1)
  2 hell rats (D:7)
  6 worker ants
  A worker ant zombie (D:5)
  9 adders
  5 gnolls (D:7)
  9 river rats (D:7)
  A shadow imp (D:6)
  5 oozes
  5 worms
  3 dart slugs
  6 leopard geckos
  34 orcs
  3 ball pythons
  2 giant cockroaches (D:8)
  9 goblins
  15 hobgoblins
  15 jackals
  2 quokkas
  6 bats
  2 frilled lizards
  A giant cockroach zombie (D:5)
  A jackal skeleton (D:9)
  A jackal zombie (D:3)
  29 kobolds
  2 quokka skeletons
  31 rats
379 creatures vanquished.

Vanquished Creatures (others)
  A slave (D:9)
  A hound (D:9)
  4 fungi
6 creatures vanquished.

Grand Total: 385 creatures vanquished

Notes
Turn   | Place    | Note
-------+----------+-------------------------------------------
     0 | D:1      | Odds the Draconian Air Elementalist began the quest for the Orb.
     0 | D:1      | Reached XP level 1. HP: 14/14 MP: 3/3
   327 | D:1      | Reached XP level 2. HP: 20/20 MP: 3/5
   334 | D:1      | Learned a level 2 spell: Repel Missiles
  1081 | D:1      | Reached XP level 3. HP: 26/27 MP: 4/6
  1364 | D:2      | Noticed Terence
  1379 | D:1      | Killed Terence
  1474 | D:2      | Learned a level 3 spell: Static Discharge
  1676 | D:2      | Reached XP level 4. HP: 34/34 MP: 7/7
  1681 | D:2      | Noticed Jessica
  1686 | D:2      | Killed Jessica
  1686 | D:2      | Reached skill level 1 in Fighting
  2231 | D:2      | Learned a level 2 spell: Swiftness
  2517 | D:2      | Reached XP level 5. HP: 41/41 MP: 7/9
  2838 | D:3      | Reached skill level 4 in Air Magic
  2895 | D:3      | Noticed Purgy
  3356 | D:3      | Reached XP level 6. HP: 26/48 MP: 0/10
  3589 | D:3      | Killed Purgy
  4347 | D:3      | Noticed Sigmund
  4391 | D:4      | Found Woquug's Antique Armour Shoppe.
  4604 | D:4      | Your scales start taking on a pale cyan-grey colour.
  4604 | D:4      | Reached skill level 5 in Air Magic
  4604 | D:4      | Reached XP level 7. HP: 46/56 MP: 1/12
  4911 | D:4      | Bought a pair of embroidered gloves for 252 gold pieces
  5523 | D:5      | Entered Level 5 of the Dungeon
  5573 | D:5      | Noticed Blork the orc
  5583 | D:5      | Found an iron altar of Okawaru.
  5649 | D:5      | Found a staircase to the Ecumenical Temple.
  5662 | Temple   | Entered the Ecumenical Temple
  5884 | D:5      | Reached skill level 6 in Air Magic
  5884 | D:5      | Reached XP level 8. HP: 23/66 MP: 2/14
  6123 | D:5      | Reached skill level 5 in Conjurations
  6368 | D:5      | Killed Blork the orc
  6761 | D:6      | Learned a level 5 spell: Lightning Bolt
  6923 | D:6      | Noticed Edmund
  6938 | D:6      | Killed Edmund
  7025 | D:6      | Reached skill level 7 in Air Magic
  7186 | D:6      | Reached XP level 9. HP: 72/72 MP: 13/16
  7667 | D:7      | Noticed a troll
  7677 | D:7      | Killed a troll
  7677 | D:7      | Reached skill level 5 in Fighting
  7979 | D:7      | Reached skill level 5 in Spellcasting
  8346 | D:7      | Reached skill level 8 in Air Magic
  8708 | D:7      | Reached skill level 5 in Dodging
  9601 | D:8      | Found Riss's Food Shop.
  9679 | D:8      | Found a staircase to the Lair.
  9679 | D:8      | Noticed an elephant
  9725 | D:8      | Killed an elephant
  9725 | D:8      | Reached skill level 9 in Air Magic
  9725 | D:8      | Reached XP level 10. HP: 19/83 MP: 0/18
 11324 | D:9      | Noticed a cyclops
 11326 | D:9      | Noticed a hill giant
 11348 | D:9      | Killed a cyclops
 11351 | D:9      | Killed a hill giant
 11356 | D:9      | Noticed sveltemanboy's ghost (novice DsGl)
 11482 | D:8      | Reached skill level 10 in Air Magic
 11577 | D:9      | Killed sveltemanboy's ghost
 11599 | D:9      | Noticed Erolcha
 11830 | D:9      | Killed Erolcha
 11830 | D:9      | Reached XP level 11. HP: 92/92 MP: 4/20
 12477 | D:9      | Noticed Pikel
 12509 | D:9      | HP: 4/92 [adder (2)]
 12510 | D:9      | Killed Pikel
 12931 | D:9      | Noticed Grum
 12945 | D:9      | Killed Grum
 13903 | D:10     | Entered Level 10 of the Dungeon
 14011 | Lair:1   | Entered Level 1 of the Lair of Beasts
 14011 | Lair:1   | Noticed Gorice's ghost (journeyman KoEn)
 14017 | Lair:1   | Noticed a five-headed hydra
 14345 | D:8      | Killed a five-headed hydra
 14345 | D:8      | Reached skill level 1 in Maces & Flails
 15024 | Lair:1   | Killed Gorice's ghost
 15024 | Lair:1   | Reached skill level 10 in Conjurations
 15401 | Lair:1   | Reached skill level 11 in Air Magic
 16420 | Lair:1   | Noticed a six-headed hydra
 16426 | Lair:1   | Killed a six-headed hydra
 16731 | Lair:1   | Reached XP level 12. HP: 42/102 MP: 3/23
 18796 | Lair:2   | Found a hole to the Spider Nest.
 19014 | Lair:2   | Noticed a four-headed hydra
 19293 | Lair:2   | Found a staircase to the Shoals.
 19312 | Lair:2   | HP: 5/104 [sea snake (10)]
 19314 | Lair:2   | Slain by a sea snake

Vault maps used:
D:1:      dpeg_arrival_chambers_temple_mockup
D:2:      wad_crossroads, uniq_jessica, uniq_terence
D:3:      grunt_ministairs_3, uniq_sigmund, uniq_purgy
D:4:      first_bread, kennysheep_windowed_goal
D:5:      basic_altar, uniq_blork_the_orc
D:6:      uniq_edmund
D:7:      lemuel_ratsnest
D:8:      david_lair_generic, serial_shops, shop, hangedman_pestilent_swarm
D:9:      minmay_curly_fans, uniq_erolcha, uniq_grum, uniq_pikel
D:10:     minmay_gold_behind_fungi
Temple:   kilobyte_greek_temple
Lair:1:   infiniplex_staircase_pool, grunt_megastairs_4
Lair:2:   elwin_shoals_entry_rooms, spider_nest_entry_funnel_web,
          grunt_megastairs_5

Skill      XL: |  1  2  3  4  5  6  7  8  9 10 11 12 |
---------------+-------------------------------------+-----
Dodging        | 2 3 4 5 6 7 |  7.4
Fighting       | 1 2 3 4 6 7 8 9 |  9.1
Conjurations   | 2 3 4 6 7 9 10 | 10.6
Air Magic      | 4 5 6 7 9 10 11 | 11.5
Spellcasting   | 3 4 5 6 7 8 |  8.0
Maces & Flails | 2 4 |  4.0
Stealth        | |  1.7

Action                   |  1- 3 |  4- 6 |  7- 9 | 10-12 || total
-------------------------+-------+-------+-------+-------++-------
Melee: Mace              |    18 |    84 |     5 |       ||   107
       Unarmed           |     2 |       |       |       ||     2
       Tailslap          |       |     2 |    19 |    30 ||    51
       Long sword        |       |       |   145 |    75 ||   220
       Whip              |       |       |       |   169 ||   169
 Fire: Blowgun           |       |    18 |    29 |    17 ||    64
 Cast: Shock             |    57 |    89 |   194 |    68 ||   408
       Repel Missiles    |     1 |       |       |       ||     1
       Static Discharge  |       |    10 |    41 |   102 ||   153
       Lightning Bolt    |       |       |       |    79 ||    79
 Abil: Breathe Steam     |       |       |     1 |       ||     1
Evoke: Wand              |       |       |       |     6 ||     6
  Use: Scroll            |     8 |     5 |     8 |     7 ||    28
       Potion            |       |       |       |     7 ||     7
 Stab: Sleeping          |     1 |     2 |     3 |       ||     6
  Eat: Chunk             |     3 |    11 |    15 |    22 ||    51
       Beef jerky        |       |       |     1 |     2 ||     3
       Pizza             |       |       |     1 |     3 ||     4
       Fruit             |       |       |       |     8 ||     8
       Meat ration       |       |       |       |     3 ||     3
Armor: Skin              |     6 |    48 |    75 |   133 ||   262
Dodge: Dodged            |    30 |   112 |   165 |   323 ||   630
       Deflected         |     1 |     2 |     2 |    14 ||    19
       Rpst.: Long sword |       |       |    47 |    24 ||    71
